 Dungeon Crawl Stone Soup version 0.27.0-1-g7a089689b8 (webtiles) character file.

Game seed: 287614822839810097

30 Sin92 the Skirmisher (level 3, 0/29 HPs)
             Began as a Demonspawn Fighter on Aug 2, 2021.
             Succumbed to a goblin's poison
             ... on level 1 of the Dungeon.
             The game lasted 00:00:46 (1149 turns).

Sin92 the Skirmisher (Demonspawn Fighter)           Turns: 1149, Time: 00:00:46

Health: 0/29       AC:  6    Str: 17    XL:     3   Next: 3%
Magic:  3/3        EV:  7    Int:  9    God:
Gold:   66         SH:  8    Dex: 12    Spells: 2/2 levels left

rFire    . . .     SeeInvis .   a - +0 war axe
rCold    . . .     Faith    .   c - +0 kite shield
rNeg     . . .     Spirit   .   b - +0 scale mail
rPois    .         Reflect  .   (helmet restricted)
rElec    .         Harm     .   (no cloak)
rCorr    .         Rampage  .   (no gloves)
Will     .....                  (no boots)
Stlth    ..........             (no amulet)
HPRegen  0.09/turn              (no ring)
MPRegen  0.08/turn              (no ring)

@: lethally poisoned (0 -> -31)
A: horns 1, demonic magic 1
a: no special abilities


You were on level 1 of the Dungeon.
You visited 1 branch of the dungeon, and saw 1 of its levels.

You collected 66 gold pieces.

Inventory:

Hand Weapons
 a - a +0 war axe (weapon)
Armour
 b - a +0 scale mail (worn)
 c - a +0 kite shield (worn)
Jewellery
 h - a ring of flight
Scrolls
 e - a scroll of brand weapon {unknown}
 f - a scroll of teleportation {unknown}
 i - 3 scrolls of amnesia {unknown}
Potions
 d - a potion of might
 g - a potion of attraction {unknown}
 j - a potion of haste {unknown}


   Skills:
 + Level 3.2 Fighting
 * Level 2.3 Axes
 + Level 2.9 Armour
 + Level 0.7 Dodging
 + Level 2.9 Shields


You had 2 spell levels left.
You didn't know any spells.
Your spell library was empty.

Dungeon Overview and Level Annotations

Branches:
Dungeon (1/15)

Altars:


Innate Abilities, Weirdness & Mutations

You have a pair of small horns on your head.
Spells you cast may paralyse adjacent enemies.


Message History

Key pressed, stopping explore.
No target in view!
Unknown command.
A goblin comes into view. It is wielding a +0 dagger of venom.
The goblin shouts!
Unknown command.
A goblin is nearby!
A goblin is nearby!
The goblin hits you with a +0 dagger of venom.
You are poisoned.
Unknown command.
You closely miss the goblin. Your headbutt misses the goblin.
You feel very sick. The goblin hits you but does no damage.
You are more poisoned.
A goblin is nearby!
Unknown command.
You completely miss the goblin.
You feel very sick.
The goblin hits you with a +0 dagger of venom.
You are lethally poisoned!
You block the goblin's attack.
There is a lethal amount of poison in your body!
You closely miss the goblin. Your headbutt misses the goblin.
You feel extremely sick.
The goblin hits you with a +0 dagger of venom.
You are more poisoned.
The goblin hits you but does no damage.
You are more poisoned.
There is a lethal amount of poison in your body!
Unknown command.
You are too injured to fight recklessly!
Unknown command.
There is a lethal amount of poison in your body!
You are too injured to fight recklessly!
Unknown command.
There is a lethal amount of poison in your body!
You are too injured to fight recklessly!
You closely miss the goblin.
You die...

###.#.# ###
#.# .##...#
#.# #######.#
.##...#+###
#.# #.......#
..........#
#.# #.#####.#
.....>....+
#.# #.# ###
..........#
#$# #.#
..........#
#.# #.#
..........#
#g# #.#
#####....##
#@# #.# #
#....# #.# #.#
#####....# #.#
#.# .........#
#.# #.#
.........# #.#
#.# .........#
#.# #.#
......#### #.#
#.# ......#
#.# #.#
......########
#.# #.#


You could see a goblin.

Vanquished Creatures
  5 bats (D:1)
  A goblin (D:1)
  3 hobgoblins (D:1)
  5 jackals (D:1)
  4 kobolds (D:1)
  2 quokkas (D:1)
  2 ball pythons (D:1)
  4 rats (D:1)
26 creatures vanquished.

Notes
Turn   | Place    | Note
-------+----------+-------------------------------------------
     0 | D:1      | Sin92 the Demonspawn Fighter began the quest for the Orb.
     0 | D:1      | Reached XP level 1. HP: 18/18 MP: 1/1
   283 | D:1      | Gained mutation: You have a pair of small horns on your
                  | head. [demonic ancestry]
   283 | D:1      | Reached XP level 2. HP: 13/24 MP: 2/2
   764 | D:1      | Gained mutation: Spells you cast may paralyse adjacent
                  | enemies. [demonic ancestry]
   764 | D:1      | Reached XP level 3. HP: 9/29 MP: 3/3
   985 | D:1      | Found a faded altar of an unknown god.
  1149 | D:1      | Succumbed to a goblin's poison

Illustrated notes

Levels and vault maps discovered:
D:1:      matt_arrival_grand_opening, layout_basic, basic_ecumenical_altar,
          minivault_19

Skill      XL: |  1 |
---------------+----+-----
Axes           | 2 |  2.3
Fighting       | |  3.2
Armour         | |  2.9
Dodging        | |  0.7
Shields        | |  2.9

Action                   || total
-------------------------++-------
Melee: War axe           ||    79
       Headbutt          ||     4
Armor: Scale mail        ||    50
Dodge: Dodged            ||    35
Block: Kite shield       ||    33
